 Dungeon Crawl Stone Soup version 0.31-a0-632-g766dd24fdf (webtiles) character file.

Game seed: 14244560847088923925

77 zenocrate the Insei (level 4, -2/28 HPs)
             Began as an Octopode Shapeshifter on Aug 25, 2023.
             Slain by a gnoll
             ... wielding a +0 halberd
              (8 damage)
             ... on level 3 of the Dungeon.
             The game lasted 00:01:44 (2182 turns).

zenocrate the Insei (Octopode Shapeshifter)         Turns: 2182, Time: 00:01:45

Health: -2/28      AC:  1    Str: 14    XL:     4   Next: 34%
Magic:  4/4        EV: 14    Int: 10    God:
Gold:   63         SH:  0    Dex: 14    Spells: 3/3 levels left

rFire   . .          .
                       - Unarmed
rCold   . . .        (no shield)
rNeg    . . .        (helmet currently unavailable)
rPois   .            (no amulet)
rElec   .            (no ring)
rCorr   .            (no ring)
SInv    .            (no ring)
Will    .....        (no ring)
Stlth   ++           (no ring)
HPRegen 0.24/turn    (no ring)
MPRegen 0.09/turn    (no ring)
                     (no ring)

%: no passive effects
@: beast-form
A: beast (slay +2), almost no armour, amphibious, 8 rings, camouflage 1,
gelatinous body 1, (nimble swimmer 1), tentacles
a: Begin Untransformation


You were on level 3 of the Dungeon.
You were a hulking beast.
You visited 1 branch of the dungeon, and saw 3 of its levels.

You collected 63 gold pieces.

Inventory:

Talismans
 b - a beast talisman (active)
 c - a flux talisman
 i - a talisman of death
Scrolls
 f - 3 scrolls of poison
 g - 2 scrolls of identify {unknown}
 h - a scroll of teleportation {unknown}
 j - a scroll of noise {unknown}
 k - a scroll of revelation {unknown}
 m - 2 scrolls of fog {unknown}
Potions
 a - a potion of lignification
 d - 2 potions of berserk rage {unknown}
 e - a potion of brilliance {unknown}
 l - a potion of might {unknown}


   Skills:
 - Level 1.0 Fighting
 - Level 3.0 Dodging
 + Level 3.8 Unarmed Combat
 * Level 3.5 Shapeshifting


You had 3 spell levels left.
You didn't know any spells.
Your spell library contained the following spells:

 Spells                   Type           Power      Damage    Failure   Level
 Hailstorm                Conj/Ice       0%         3d3       75%         3
 Summon Ice Beast         Ice/Summ       0%         N/A       98%         4
 Simulacrum               Ice/Necr       0%         N/A       100%        6


Dungeon Overview and Level Annotations

Branches:
Dungeon (3/15)

Altars:


Innate Abilities, Weirdness & Mutations

You are a hulking beast.
Your limbs bulge with bestial killing power. (Slay +2)
You cannot wear most types of armour.
You are amphibious.
You can wear up to eight rings at the same time.
Your skin changes colour to match your surroundings (Stealth+).
Your rubbery body absorbs attacks. (AC +1, EV +1)
((You are camouflaged when in or above water. (Stealth+)))
You have tentacles for arms and can constrict up to eight enemies at once.


Message History

The endoplasm is heavily wounded.
The bat hits you. x2
The endoplasm freezes you.
You are frozen.
The bat attacks as it pursues you! The bat barely misses you. The bat hits you.
Unknown command.
You closely miss the bat. Your grab misses the bat. The bat barely misses you.
The bat hits you but does no damage.
A gnoll comes into view. It is wielding a +0 halberd.
You tentacle-slap the bat.
You kill the bat!
Okay, then.
Okay, then.
You bludgeon the ball python!
You kill the ball python!
The gnoll barely misses you.
Unknown command.
The endoplasm attacks as it pursues you!
The endoplasm misses you.
Unknown command.
You tentacle-slap the endoplasm.
You kill the endoplasm!
Unknown command.
You barely miss the frilled lizard. Your grab misses the frilled lizard.
You squeeze the frilled lizard.
You kill the frilled lizard!
Unknown command.
The gnoll hits you with a +0 halberd.
You see here a frilled lizard corpse.
Unknown command.
You tentacle-slap the gnoll. You grab the gnoll.
The gnoll is lightly wounded.
You constrict the gnoll, but do no damage.
The gnoll hits you with a +0 halberd!
* * * LOW HITPOINT WARNING * * *
Unknown command.
You tentacle-slap the gnoll.
The gnoll is moderately wounded.
You constrict the gnoll. The gnoll hits you with a +0 halberd!
You die...

.. ..........#
..# .####
###....#.# ....
... ..#?#......#
#...##..
#.##.#..###
...#...#.#...#..#
#... #S##......#
#.?.#.#...###.##
#g##........#
#rl.#h..#####..#
#.rg#...# #..#
#)!$#.#.# #..#
#####..... #..#
..#.#.......
..##...###..##
..# ###.# ... ###
.# .


You could see a gnoll.

Vanquished Creatures
  3 adders
  4 worms
  A dart slug (D:1)
  4 bats
  3 endoplasms
  A giant cockroach (D:1)
  6 goblins
  4 hobgoblins
  A kobold (D:2)
  A quokka (D:2)
  5 ball pythons
  A frilled lizard (D:3)
  3 rats (D:1)
37 creatures vanquished.

Notes
Turn   | Place    | Note
-------+----------+-------------------------------------------
     0 | D:1      | zenocrate the Octopode Shapeshifter began the quest for the
                  | Orb.
     0 | D:1      | Reached XP level 1. HP: 13/13 MP: 1/1
   123 | D:1      | Reached XP level 2. HP: 16/18 MP: 2/2
  1180 | D:2      | Identified the +4 leather armour "Falit" {rN+ Slay+2}
  1216 | D:2      | Reached XP level 3. HP: 16/23 MP: 3/3
  2051 | D:3      | Reached XP level 4. HP: 28/28 MP: 4/4
  2182 | D:3      | Slain by a gnoll

Illustrated notes

Levels and vault maps discovered:
D:1:      roderic_crop_circles_arrival_small, layout_basic, serial_forest,
          infiniplex_forest_straight_1, infiniplex_forest_lined_corner,
          infiniplex_forest_zigzag_2, infiniplex_forest_end_1,
          infiniplex_forest_lined_room_3, infiniplex_forest_straight_2,
          infiniplex_forest_corner_2, infiniplex_forest_clump_tiny
D:2:      layout_basic
D:3:      minmay_spotlight, layout_loops_corners,
          mainiacjoe_overflow_cross_hatched, minmay_vboxes, uniq_robin

Skill      XL: |  1  2  3 |
---------------+----------+-----
Dodging        | 3 |  3.0
Fighting       | |  1.0
Unarmed Combat | |  3.8
Shapeshifting  | |  3.5

Action                     |  1- 3 |  4- 6 || total
---------------------------+-------+-------++-------
  Melee: Unarmed           |    49 |    14 ||    63
         Constrict         |    15 |     3 ||    18
         Tentacles         |    10 |     3 ||    13
         Punch             |     1 |       ||     1
    Use: Scroll            |     1 |       ||     1
   Stab: Sleeping          |     8 |     2 ||    10
 Armour: Skin              |     2 |     1 ||     3
  Dodge: Dodged            |    19 |     8 ||    27

Table legend: (Time is in decaauts)
 A = Elapsed time spent in this place.
 B = Non-inter-level travel time spent in this place.
 C = Inter-level travel time spent in this place.
 D = Time resting spent in this place.
 E = Time spent auto-exploring this place.
 F = Levels seen in this place.
 G = Mean time per level.
                   A        B        C        D        E       F      G
               +--------+--------+--------+--------+--------+-----+--------+
         Total |   2177 |   1975 |    202 |    117 |   1608 |   3 |  725.7 |
       Dungeon |   2177 |   1975 |    202 |    117 |   1608 |   3 |  725.7 |
               +--------+--------+--------+--------+--------+-----+--------+

Top non-repeatable levels by time:
     D:1: 1135 daAuts
     D:2: 900 daAuts
     D:3: 141 daAuts
